 Dungeon Crawl Stone Soup version 0.27.1-33-g824d729ab1 (webtiles) character file.

Game seed: 14045492995394878260

1355 belegose the Skirmisher (level 8, -5/61 HPs)
             Began as a Djinni Abyssal Knight on Dec 4, 2021.
             Was a Priest of Lugonu.
             Slain by a troll (7 damage)
             ... on level 5 of the Dungeon on Dec 5, 2021.
             The game lasted 00:25:02 (9798 turns).

belegose the Skirmisher (Djinni Abyssal Knight)     Turns: 9798, Time: 00:25:03

Health: -5/61      AC:  3    Str: 12    XL:     8   Next: 95%
Gold:   298        EV: 13    Int: 16    God:    Lugonu [***...] SH:  0 Dex: 12

rFire    + + +     SeeInvis .   a - +2 falchion
rCold    x . .     Faith    .   (no shield)
rNeg     . . .     Spirit   .   q - +1 robe {Will+}
rPois    ∞         Reflect  .   (no helmet)
rElec    .         Harm     .   (no cloak)
rCorr    .         Rampage  .   (no gloves)
Will     +....                  (boots unavailable)
Stlth    +.........             (no amulet)
HPRegen  0.20/turn              l - ring of protection from fire
MPRegen  0.00/turn              u - ring of wizardry

@: flying
A: sickness immunity, fire resistance 2, cold vulnerability 1, float, innate
caster, hp casting, extra vitality 1
a: Renounce Religion, Depart the Abyss, Bend Space, Banish


You were on level 5 of the Dungeon.
You worshipped Lugonu.
Lugonu was most pleased with you.
You visited 1 branch of the dungeon, and saw 6 of its levels.
You visited the Abyss 1 time.
You also visited: Ossuary.

You collected 298 gold pieces.

Inventory:

Hand Weapons
 a - a +2 falchion (weapon)
 b - a +2 rapier of flaming
 A - a +0 dagger of venom
Missiles
 d - 184 stones
 f - 78 sling bullets
 h - 4 boomerangs (quivered)
 o - 18 poisoned darts
Armour
 n - a +0 ring mail
 q - a +1 robe of willpower (worn)
Jewellery
 l - a ring of protection from fire (left hand)
 t - a ring of positive energy
 u - a ring of wizardry (right hand)
Wands
 c - a wand of paralysis (9)
 r - a wand of mindburst (16)
Scrolls
 e - a scroll of holy word
 g - 6 scrolls of teleportation {unknown}
 i - 3 scrolls of magic mapping {unknown}
 m - a scroll of immolation {unknown}
 p - a scroll of summoning {unknown}
 s - 2 scrolls of noise {unknown}
 x - a scroll of fog {unknown}
 y - a scroll of enchant weapon
Potions
 j - 2 potions of resistance
 k - 3 potions of heal wounds
 v - a potion of brilliance
 w - a potion of might
 z - a potion of mutation {unknown}


   Skills:
 + Level 5.9 Fighting
 - Level 1.7 Long Blades
 - Level 3.2 Armour
 + Level 4.8 Dodging
 + Level 3.6 Spellcasting
 + Level 5.3 Invocations


You had 8 spell levels left.
You knew the following spells:

 Your Spells              Type           Power      Damage    Failure   Level
a - Magic Dart            Conj           56%        1d5       1%          1
b - Call Imp              Summ           14%        N/A       2%          2
c - Inner Flame           Hex/Fire       14%        N/A       4%          3
Your spell library was empty.

Dungeon Overview and Level Annotations

Branches:
Dungeon (6/15)            Ossuary (visited)
 Temple: D:4-7

Altars:
Ashenzari
Makhleb
Zin

Shops:
D:4 (


Innate Abilities, Weirdness & Mutations

You are immune to sickness and miasma.
You are immune to poison.
Your flesh is very heat resistant. (rF++)
You are vulnerable to cold. (rC-)
You float through the air rather than walking.
You learn spells naturally, not from books.
Your magical power is your life essence.
You have superior vitality. (+4 HP)


Message History

You barely miss the orc.
The orc is severely wounded.
The orc barely misses you.
Casting: Magic Dart (safe; 1% risk of failure)
Confirm with . or Enter, or press ? or * to list all spells.
A beastly little devil appears in a puff of frigid air.
The orc barely misses you.
You riposte.
You hit the orc.
You kill the orc!
Lugonu accepts your kill.
Unknown command.
You hit the orc warrior.
The orc warrior is lightly wounded.
The orc warrior hits you with a +0 war axe!
Unknown command.
You swap places.
Found a runed helmet.
The orc warrior hits your white imp with a +0 war axe.
Your white imp hits the orc warrior but does no damage.
A troll comes into view.
The troll shouts!
The orc warrior hits your white imp with a +0 war axe.
Your white imp hits the orc warrior but does no damage.
Something hits your white imp!
Your white imp dies!
Your white imp disappears in a puff of smoke!
There is a stone staircase leading up here.
The troll barely misses you. The troll misses you. The troll claws you!
You fly upwards.
There is a stone staircase leading down here.
Press: ? - help, Shift-Dir - straight line, f - troll
Aim: a troll (chance to affect: 83%)
The troll barely resists.
The troll bites you!
* * * LOW HITPOINT WARNING * * *
The troll claws you!
* * * LOW HITPOINT WARNING * * *
The troll claws you!
* * * LOW HITPOINT WARNING * * *
You don't have enough health at the moment.
Unknown command.
The troll bites you!
You die...

######### #.......#
#####
##.......#######...#
#..................#
#.........######...#
#..#...#.## ##.##
#..#####.# #.#
#........# ####.####
.....#########..@....#
#.##.#.......#.T#.##.#
#.##.#............##.#
..##.#.......#..#..#.#
.###.#.......#..#..#.#
.....#..........#..#.#
.....#.......#.......#
.##.########.##.#..###
###)#### #.>.....#


You could see a troll.

Vanquished Creatures
  Grinder (D:3)
  Sigmund (D:3)
  Menkaure (D:4)
  A sky beast (D:5)
  A necrophage (D:4)
  2 ogres
  A scorpion (D:5)
  2 centaur zombies (Ossuary)
  A bullfrog zombie (D:5)
  2 bullfrog skeletons
  Jessica (D:3)
  2 iguanas
  A hound skeleton (D:5)
  3 mummies
  4 gnolls
  11 adders
  A white imp (D:5)
  An ufetubus (D:4)
  4 dart slugs
  16 orcs
  8 endoplasms
  A giant cockroach (D:1)
  8 goblins
  10 hobgoblins
  2 jackals (D:1)
  5 quokkas
  8 ball pythons
  6 bats
  3 frilled lizards
  9 kobolds
  6 rats
123 creatures vanquished.

Vanquished Creatures (collateral kills)
  A phantom (D:5)
  A kobold brigand (D:6)
  A centaur zombie (Ossuary)
  A centaur skeleton (D:4)
  An iguana (D:6)
  3 mummies (Ossuary)
  A white imp (D:6)
  2 hobgoblin zombies (Ossuary)
  A kobold (D:6)
12 creatures vanquished.

Vanquished Creatures (others)
  9 demonic plants (D:2)
  4 fungi
  6 plants (D:2)
  3 withered plants (D:2)
22 creatures vanquished.

Grand Total: 157 creatures vanquished

Notes
Turn   | Place    | Note
-------+----------+-------------------------------------------
     0 | Abyss:1  | belegose the Djinni Abyssal Knight began the quest for the
                  | Orb.
     0 | Abyss:1  | Reached XP level 1. HP: 20/20 MP: 0/0
    66 | Abyss:1  | Noticed an ancient zyme
    91 | Abyss:1  | Noticed a large abomination
    92 | D:1      | Escaped the Abyss
   271 | D:1      | Reached XP level 2. HP: 20/25 MP: 0/0
   405 | D:1      | Reached * piety under Lugonu
   512 | D:1      | Reached XP level 3. HP: 25/30 MP: 0/0
   512 | D:1      | Learned a level 1 spell: Magic Dart
  1082 | D:1      | Reached skill level 1 in Spellcasting
  1522 | D:2      | Reached XP level 4. HP: 32/35 MP: 0/0
  2429 | D:2      | Found a faded altar of an unknown god.
  2501 | D:1      | Reached XP level 5. HP: 12/41 MP: 0/0
  2501 | D:1      | Learned a level 2 spell: Call Imp
  2975 | D:2      | Reached ** piety under Lugonu
  3549 | D:3      | Noticed Jessica
  3720 | D:3      | Noticed an ogre
  4138 | D:3      | Noticed Sigmund
  4328 | D:4      | Reached XP level 6. HP: 47/47 MP: 0/0
  4421 | D:4      | Noticed Menkaure
  4444 | D:4      | Killed Menkaure
  4741 | D:4      | Noticed an ogre
  4757 | D:4      | Killed an ogre
  4758 | D:4      | Reached XP level 7. HP: 33/53 MP: 0/0
  4758 | D:4      | Learned a level 3 spell: Inner Flame
  5527 | D:3      | Killed Sigmund
  5760 | D:3      | Killed Jessica
  5820 | D:3      | Reached skill level 5 in Fighting
  5901 | D:3      | Noticed Grinder
  5943 | D:3      | Killed Grinder
  5944 | D:3      | Reached XP level 8. HP: 51/59 MP: 0/0
  6066 | D:3      | Found a burning altar of Makhleb.
  6082 | D:3      | Found a glowing silver altar of Zin.
  6083 | D:3      | Noticed an Executioner
  6083 | D:3      | Noticed an angel
  6650 | D:4      | Found Lihiatosh's Antique Weapon Emporium.
  6732 | D:5      | Entered Level 5 of the Dungeon
  7189 | D:5      | Found a broken altar of Ashenzari.
  7438 | D:5      | Reached *** piety under Lugonu
  8076 | D:5      | Reached skill level 5 in Invocations
  8532 | D:6      | Found a sand-covered staircase.
  8542 | Ossuary  | Entered an ossuary
  9756 | D:6      | Noticed a troll
  9790 | D:5      | HP: 1/61 [troll (7)]
  9798 | D:5      | Slain by a troll

Illustrated notes

Levels and vault maps discovered:
D:1:      dpeg_arrival_fog, layout_basic
D:2:      layout_basic, shapermc_ecumenical_altar_gd, roderic_lattice_a,
          minivault_19, guppyfry_early_orc_mine
D:3:      layout_basic, grunt_temple_overflow_order_and_chaos_2, uniq_sigmund,
          uniq_jessica, uniq_grinder
D:4:      layout_basic, nicolae_stop_n_shop_2, chequers_serial_rivers_micro_c,
          uniq_crazy_yiuf_cottage, uniq_menkaure
D:5:      layout_loops_cross, ashenzari_conservatory_becter, bh_walls_and_bars
D:6:      layout_loops_ring, grunt_temple_overflow_open,
          gup_ossuary_entry_pyramid, chequers_serial_rivers_room_b,
          minmay_curled_crystal

Skill      XL: |  1  2  3  4  5  6  7  8 |
---------------+-------------------------+-----
Invocations    | 2 3 4 5 |  5.3
Spellcasting   | 1 2 3 |  3.6
Armour         | 2 3 |  3.2
Fighting       | 4 5 |  5.9
Dodging        | 3 4 |  4.8
Long Blades    | |  1.7

Action                   |  1- 3 |  4- 6 |  7- 9 || total
-------------------------+-------+-------+-------++-------
Melee: Falchion          |    87 |   139 |   224 ||   450
Throw: Boomerang         |       |    17 |     4 ||    21
 Cast: Call Imp          |       |     3 |    47 ||    50
       Magic Dart        |       |     3 |     9 ||    12
Invok: Depart the Abyss  |     1 |       |       ||     1
       Banish            |       |       |     1 ||     1
Evoke: Wand              |       |       |     3 ||     3
  Use: Scroll            |       |     7 |     4 ||    11
       Potion            |       |     1 |       ||     1
 Stab: Paralysed         |       |       |    14 ||    14
       Distracted        |       |       |     1 ||     1
       Sleeping          |       |       |     1 ||     1
Armor: Leather armour    |    28 |    34 |     8 ||    70
       Robe              |       |       |    48 ||    48
Dodge: Dodged            |    63 |    89 |   164 ||   316
       Rpst.: Falchion   |    14 |    27 |    45 ||    86
